Map: Dusk Towers

Players

LilDicky - Winner!

  • Race: Terran Terran
  • League: Diamond

BurkAwesome

  • Race: Protoss Protoss
  • League: Diamond

VOD

http://www.twitch.tv/tumescentpie

Description

Time

  • Played on: Jan. 2, 2016, 7:11 p.m.
  • Length: 6:27
Show
View Real Time Build Order
Export as new Build Order

LilDicky Terran - Winner!

Build Orders: MMM Bio 

Get SALT Encoding   

  12  0:01  SCV  
  13  0:14  SCV  
  14  0:17  Supply Depot  
  14  0:29  SCV  
  14  0:30  Refinery  
  15  0:43  Barracks  
  15  0:46  SCV  
  16  0:58  SCV  
  17  1:10  SCV  
  18  1:24  SCV  
  19  1:32  Factory  
  19  1:35  Marine  
  19  1:38  Supply Depot  
  20  1:42  Orbital Command  
  20  1:54  Marine  
  21  2:07  Barracks  
  21  2:11  Barracks  
  21  2:17  SCV  
  21  2:21  Refinery  
  22  2:30  SCV  
  22  2:34  Widow Mine  
  22  2:35  Marine  
  26  2:43  SCV  
  27  2:49  Supply Depot  
  27  2:53  Marine  
  27  2:55  Barracks Tech Lab  
  27  2:57  Barracks Tech Lab  
  28  3:02  Widow Mine  
  28  3:03  SCV  
  30  3:15  Combat Shields, Stimpack  
  30  3:16  Marine  
  31  3:22  Supply Depot  
  31  3:23  SCV  
  32  3:34  Marine x2  
  32  3:35  Marauder  
  36  3:52  Marine  
  36  3:53  SCV, Marauder  
  36  3:54  Starport  
  40  4:04  Marauder  
  40  4:09  Supply Depot  
  42  4:10  SCV, Marine  
  42  4:13  Marine  
  45  4:25  Marine  
  45  4:28  Marine  
  39  4:31  Medivac  
  47  4:32  Marauder  
  47  4:37  SCV  
  52  4:43  Marauder  
  52  4:47  Marine  
  52  4:52  SCV  
  54  4:55  Marauder  
  54  5:12  Supply Depot x2  
  54  5:33  Medivac  
  54  5:34  Marauder  
  55  5:56  Marine x2  
Show
View Real Time Build Order
Export as new Build Order

BurkAwesome Protoss 

Build Orders:  

Get SALT Encoding   

  12  0:01  Probe (Chrono Boost)  
  13  0:11  Probe (Chrono Boost)  
  14  0:18  Pylon  
  14  0:22  Probe (Chrono Boost)  
  15  0:36  Probe (Chrono Boost)  
  15  0:38  Gateway  
  16  0:47  Probe (Chrono Boost)  
  17  0:54  Assimilator  
  17  0:57  Probe (Chrono Boost)  
  17  1:00  Assimilator  
  18  1:08  Probe (Chrono Boost)  
  19  1:18  Probe (Chrono Boost)  
  20  1:32  Cybernetics Core  
  20  1:47  Nexus  
  20  1:48  Probe (Chrono Boost)  
  21  1:59  Probe (Chrono Boost)  
  21  2:04  Pylon  
  21  2:09  Mothership Core (Chrono Boost)  
  21  2:11  Warp Gate (Chrono Boost)  
  23  2:24  Robotics Facility  
  23  2:30  Probe  
  24  2:44  Forge  
  24  3:02  Probe  
  24  3:03  Probe  
  26  3:12  Observer  
  24  3:13  Probe  
  24  3:15  Probe  
  26  3:23  Probe  
  26  3:24  Assimilator  
  27  3:28  Probe  
  28  3:34  Probe  
  28  3:40  Probe  
  30  3:47  Gateway  
  26  3:48  Gateway  
  26  3:54  Pylon  
  26  4:07  Stalker  
  27  4:38  Probe  
  27  4:39  Probe  
  30  4:53  Observer  
  30  4:57  Probe  
  30  4:59  Probe  
  31  5:08  Probe  
  31  5:09  Stalker  
  31  5:11  Probe  
  35  5:25  Probe  
  35  5:26  Probe  
  37  5:35  Probe  
  37  5:38  Probe  
  39  5:42  Stalker  
  39  5:43  Stalker  
  43  5:59  Stalker  
  33  6:16  Stalker x2  
Tags
 
Add a new tag
Caveats
  • Supply blocks, unpowered buildings, or Contaminate may cause inaccurate times.
  • Supply counts are checked every 10 seconds.